 Dungeon Crawl Stone Soup version 0.28-b1-1-g3c77fb2ed1 (webtiles) character file.

Game seed: 8807564481784568907

9852 McKennaii the Destroyer (level 11, -4/74 HPs)
             Began as a Demigod Conjurer on Jan 28, 2022.
             Killed from afar by a lindwurm (12 damage)
             ... with a blast of flame
             ... on level 10 of the Dungeon.
             The game lasted 00:23:22 (13770 turns).

McKennaii the Destroyer (Demigod Conjurer)         Turns: 13770, Time: 00:23:23

Health: -4/74      AC:  6    Str: 14    XL:     11   Next: 7%
Magic:  25/29      EV: 18    Int: 32    God:
Gold:   354        SH:  0    Dex: 12    Spells: 23/30 levels left

rFire   . . .      SeeInvis .   C - +4 flail
rCold   . . .      Faith    .   e - orb {light}
rNeg    . . .      Spirit   .   l - +1 robe {Archmagi}
rPois   .          Reflect  .   O - +0 helmet
rElec   .          Harm     .   g - +0 cloak
rCorr   .          Rampage  .   v - +0 pair of gloves
Will    +....      Archmagi +   (no boots)
Stlth   +.........              (no amulet)
HPRegen 0.22/turn               f - +4 ring of evasion
MPRegen 0.21/turn               d - +6 ring of strength

@: glowing
A: high mp 1, forlorn, divine attributes
a: no special abilities


You were on level 10 of the Dungeon.
You visited 1 branch of the dungeon, and saw 10 of its levels.
You also visited: Sewer and Bailey.

You collected 750 gold pieces.
You spent 396 gold pieces at shops.

Inventory:

Hand Weapons
 C - a +4 flail (weapon)
Armour
 e - an orb of light (worn)
 g - a +0 cloak (worn)
 l - a +1 robe of the Archmagi (worn)
 v - a +0 pair of gloves (worn)
 O - a +0 helmet (worn)
Jewellery
 d - a +6 ring of strength (right hand)
 f - a +4 ring of evasion (left hand)
 B - a ring of wizardry
 G - a ring of protection from cold
 H - an amulet of the acrobat
 J - a ring of flight
 N - a ring of see invisible
Wands
 m - a wand of paralysis (2)
 q - a wand of iceblast (2)
 x - a wand of charming (11)
 D - a wand of flame (28)
 K - a wand of polymorph (1)
Scrolls
 c - 3 scrolls of teleportation
 j - a scroll of brand weapon
 n - a scroll of torment {unknown}
 o - a scroll of vulnerability {unknown}
 p - a scroll of fear {unknown}
 u - 2 scrolls of amnesia {unknown}
 w - a scroll of enchant armour {unknown}
 y - a scroll of immolation {unknown}
 A - a scroll of blinking {unknown}
 E - a scroll of summoning
 I - 2 scrolls of enchant weapon {unknown}
Potions
 a - a potion of berserk rage
 b - 4 potions of flight
 h - 2 potions of curing
 i - 2 potions of brilliance
 k - 3 potions of heal wounds
 r - a potion of magic
 s - 2 potions of might {unknown}
 t - 2 potions of lignification {unknown}
 z - 2 potions of attraction {unknown}
 F - 3 potions of haste
 L - a potion of mutation
 M - a potion of ambrosia


   Skills:
 - Level 6.0 Dodging
 - Level 1.7 Stealth
 - Level 10.0 Spellcasting
 + Level 11.7 Conjurations


You had 23 spell levels left.
You knew the following spells:

 Your Spells              Type           Power      Damage    Failure   Level
a - Magic Dart            Conj           100%       1d8       1%          1
b - Searing Ray           Conj           100%       2d8       1%          2
c - Iskenderun's Mystic   Conj/Tloc      69%        2d14      2%          4

Your spell library contained the following spells:

 Spells                   Type           Power      Damage    Failure   Level
 Dazzling Flash           Conj/Hex       100%       N/A       1%          3
 Stone Arrow              Conj/Erth      100%       3d13      1%          3
 Fulminant Prism          Conj/Hex       34%        3d16      2%          4
 Sandblast                Erth           48%        2d12      3%          1
 Corpse Rot               Necr/Air       48%        N/A       4%          2
 Passwall                 Tmut/Erth      20%        N/A       4%          2
 Poisonous Vapours        Pois/Air       48%        N/A       4%          2
 Dispel Undead            Necr           24%        3d12      30%         4
 Death Channel            Necr           12%        N/A       99%         6


Dungeon Overview and Level Annotations

Branches:
Dungeon (10/15)            Temple (0/1) D:5            Lair (0/6) D:10
    Orc (0/2) D:9           Sewer (visited)          Bailey (visited)

Shops:
D:3 =   D:10 !

Annotations:
D:10 2 runed translucent doors


Innate Abilities, Weirdness & Mutations

You have an increased reservoir of magic. (+10% MP)
You shall have no god before yourself.
Your divine heritage dramatically boosts your attributes as you level up.


Message History

Casting: Magic Dart (safe; 1% risk of failure)
Confirm with . or Enter, or press ? or * to list all spells.
Aiming: Searing Ray (safe; 1% risk of failure)
Press: ? - help, Shift-Dir - straight line, f/p - lindwurm
Aim: a lindwurm (catching its breath, 92% to hit)
You feel a surge of power!
The searing ray misses the lindwurm. (Press . to maintain the ray.) Unknown command.
Unknown command.
The searing ray hits the lindwurm but does no damage.
The lindwurm is lightly wounded.
The lindwurm breathes flames at you. The blast of flame misses you.
You hear a roar!
Unknown command.
The searing ray hits the lindwurm but does no damage.
The lindwurm is lightly wounded.
You finish channelling your searing ray.
Unknown command.
A lindwurm is nearby!
Casting: Searing Ray (safe; 1% risk of failure)
Confirm with . or Enter, or press ? or * to list all spells.
You can't see any susceptible monsters within range! (Use Z to cast anyway.)
Found 16 stones and the +8 Vampire's Tooth {vamp}.
Casting: Searing Ray (safe; 1% risk of failure)
Confirm with . or Enter, or press ? or * to list all spells.
Aiming: Searing Ray (safe; 1% risk of failure)
Press: ? - help, Shift-Dir - straight line, f/p - lindwurm
Aim: a lindwurm (92% to hit)
You feel a surge of power!
The searing ray hits the lindwurm but does no damage. (Press . to maintain the ray.)
The lindwurm breathes flames at you. The blast of flame hits you!!
The lindwurm breathes flames at you. The blast of flame hits you!!
* * * LOW HITPOINT WARNING * * *
The lindwurm breathes flames at you. The blast of flame hits you!
You die...

...## #..≈≈ .##() #.≈≈≈≈ ###.#
#...≈§§§..#. .#..≈≈≈≈ #
#.########...§≈§≈≈.k####..≈≈§≈≈
###............≈§≈≈≈kk.##..k≈≈§§≈
...########....§§§§≈≈≈§...≈§≈≈≈≈.
#.## #....§≈§≈≈≈≈≈§≈≈§§≈≈≈§.
#.#########..#.§§§≈≈§§≈§≈≈≈§≈≈≈..
#........##..#....§§≈≈≈§§≈≈≈§§...
########(##..##.@...≈≈≈§≈≈≈≈.§...
#.......###.......§§.......#
......#.#...........§.........#.
#.........#...######.......#....
#..#.....###..# #............
#..#....## ##.# #.###########
##..#.#... ..# #.# ....#.##.# #.#
#.# ....#.##.# #.# #.#


You could see 3 lindwurms.

Vanquished Creatures
  A two-headed ogre (D:10)
  A tengu warrior (D:9)
  Sonja (D:10)
  Joseph (D:8)
  A troll (D:10)
  Grinder (D:4)
  A wraith (D:6)
  10 yaks (D:9)
  Eustachio (D:5)
  A wyvern (D:5)
  2 water moccasins
  12 orc warriors
  A hornet zombie (D:7)
  An ice beast (D:6)
  3 black bears (D:6)
  A sky beast (D:7)
  2 ogres (D:5)
  6 necrophages
  2 phantoms
  2 centaurs
  A kobold brigand (D:10)
  A wyvern zombie (D:8)
  3 bullfrogs
  2 gnoll sergeants
  2 scorpions
  A water moccasin zombie (D:5)
  A jelly (D:7)
  5 killer bees (D:10)
  8 wights
  6 howler monkeys
  A bullfrog zombie (D:6)
  4 orc priests
  4 centaur zombies
  A bullfrog skeleton (D:5)
  A hound (D:6)
  A centaur skeleton (D:6)
  A gnoll shaman (D:4)
  An iguana (D:6)
  12 orc wizards
  2 killer bee zombies
  A mummy (D:8)
  A howler monkey skeleton (D:6)
  A howler monkey zombie (D:9)
  13 gnolls
  An adder (D:3)
  A shadow imp (D:7)
  2 white imps (D:6)
  An ufetubus (D:7)
  2 worms
  2 dart slugs
  38 orcs
  8 bats
  9 endoplasms
  6 giant cockroaches
  13 goblins
  15 hobgoblins
  4 jackals (D:2)
  3 quokkas
  2 ball pythons (D:2)
  4 frilled lizards
  19 kobolds
  A rat (D:2)
256 creatures vanquished.

Vanquished Creatures (others)
  8 fungi (D:5)
  12 plants (D:10)
  4 toadstools (D:5)
  A withered plant (D:8)
25 creatures vanquished.

Grand Total: 281 creatures vanquished

Notes
Turn   | Place    | Note
-------+----------+-------------------------------------------
     0 | D:1      | McKennaii the Demigod Conjurer began the quest for the Orb.
     0 | D:1      | Reached XP level 1. HP: 14/14 MP: 5/5
   592 | D:1      | Reached XP level 2. HP: 20/20 MP: 2/7
  1204 | D:2      | Learned a level 2 spell: Searing Ray
  1205 | D:2      | Reached skill level 4 in Conjurations
  1688 | D:2      | Reached XP level 3. HP: 19/26 MP: 4/9
  2364 | D:3      | Found Ydenku's Jewellery Shoppe.
  2512 | D:3      | HP: 1/26 [orc wizard/magic dart (5)]
  2895 | D:3      | Found a glowing drain.
  2900 | D:3      | Reached XP level 4. HP: 33/33 MP: 6/11
  2908 | Sewer    | Entered a sewer
  3045 | Sewer    | Noticed a water moccasin
  3052 | Sewer    | Killed a water moccasin
  3053 | Sewer    | Reached skill level 5 in Conjurations
  3053 | Sewer    | Reached XP level 5. HP: 28/38 MP: 3/13
  3359 | D:3      | Learned a level 4 spell: Iskenderun's Mystic Blast
  3950 | D:3      | Noticed a green death
  3954 | D:3      | Noticed a hellwing
  3954 | D:3      | Noticed a smoke demon
  4130 | D:4      | Noticed Grinder
  4141 | D:4      | Killed Grinder
  4142 | D:4      | Reached XP level 6. HP: 45/45 MP: 4/15
  4840 | D:5      | Entered Level 5 of the Dungeon
  4866 | D:5      | Reached skill level 6 in Conjurations
  5195 | D:5      | Reached skill level 5 in Spellcasting
  5195 | D:5      | Reached XP level 7. HP: 50/50 MP: 12/17
  5201 | D:5      | Found a staircase to the Ecumenical Temple.
  5308 | D:5      | Noticed Eustachio
  5322 | D:5      | Killed Eustachio
  5353 | D:5      | Reached skill level 7 in Conjurations
  5555 | D:5      | Noticed a wyvern
  5574 | D:5      | Killed a wyvern
  5575 | D:5      | Reached XP level 8. HP: 45/57 MP: 14/20
  6214 | D:6      | Reached skill level 8 in Conjurations
  6622 | D:6      | Reached skill level 9 in Conjurations
  7155 | D:6      | Reached skill level 10 in Conjurations
  7387 | D:6      | Reached XP level 9. HP: 62/62 MP: 16/22
  9039 | D:8      | Noticed Joseph
  9928 | D:8      | Killed Joseph
 10480 | D:9      | Reached XP level 10. HP: 69/69 MP: 21/27
 10675 | D:9      | Found a flagged portal.
 10747 | Bailey   | Entered a bailey
 10942 | Bailey   | Reached skill level 10 in Spellcasting
 12233 | D:9      | Noticed a tengu warrior
 12240 | D:9      | Killed a tengu warrior
 12241 | D:9      | Reached skill level 11 in Conjurations
 12359 | D:9      | Found a staircase to the Orcish Mines.
 12365 | D:9      | Reached skill level 5 in Dodging
 12543 | D:10     | Entered Level 10 of the Dungeon
 12705 | D:10     | Found a runed translucent gate.
 12706 | D:10     | Found a runed translucent gate.
 12731 | D:10     | Noticed Sonja
 12736 | D:10     | Killed Sonja
 12775 | D:10     | Noticed a two-headed ogre
 12781 | D:10     | Killed a two-headed ogre
 12782 | D:10     | Reached XP level 11. HP: 63/74 MP: 0/29
 13091 | D:10     | Found a staircase to the Lair.
 13210 | D:10     | Found Qefixe's Distillery.
 13217 | D:10     | Bought a potion of mutation for 88 gold pieces
 13217 | D:10     | Bought a potion of haste for 110 gold pieces
 13217 | D:10     | Bought a potion of heal wounds for 55 gold pieces
 13217 | D:10     | Bought a potion of heal wounds for 55 gold pieces
 13217 | D:10     | Bought a potion of ambrosia for 88 gold pieces
 13331 | D:10     | Noticed a lindwurm
 13331 | D:10     | Noticed a lindwurm
 13334 | D:10     | Noticed a lindwurm
 13335 | D:10     | Noticed a lindwurm
 13768 | D:10     | Found the +8 Vampire's Tooth {vamp}
 13770 | D:10     | Killed from afar by a lindwurm

Illustrated notes

Levels and vault maps discovered:
D:1:      saegor_arrival_miasma, layout_basic,
          shapermc_ecumenical_altar_hornbeckon
D:2:      minmay_spotlight, layout_loops_ring, kennysheep_generic_room_12
D:3:      layout_loops_corners, makhleb_altar_promises_db,
          gup_sewer_entry_glass, serial_shops, nicolae_shop_hallway_plus,
          kennysheep_boxes
D:4:      layout_basic, grunt_temple_overflow_open, minmay_strange_pillars,
          hangedman_decor_peaks_small, uniq_grinder
D:5:      layout_rooms, minmay_temple_entry_overgrown, minmay_gold_behind_fungi,
          uniq_eustachio
D:6:      layout_gridville, minmay_starry_boxes
D:7:      layout_loops_corners
D:8:      layout_gridville, mainiacjoe_overflow_six_doors_small,
          kennysheep_little_box, serial_undead, serial_undead_a,
          serial_undead_d, serial_undead_c, serial_undead_d,
          minmay_misc_feat_tiny, minivault_26, uniq_joseph
D:9:      layout_long_grid, minmay_orc_entry_temple_small, enter_bailey_4
D:10:     layout_loops_ring, dpeg_oklobed_lair, gammafunk_ghost_cemetery,
          serial_shops, shop, minmay_lindwurm_lava, uniq_sonja

Skill      XL: |  1  2  3  4  5  6  7  8  9 10 11 |
---------------+----------------------------------+-----
Spellcasting   | 2 3 4 5 6 9 10 | 10.0
Conjurations   | 4 5 6 7 10 11 | 11.7
Dodging        | 5 6 |  6.0
Stealth        | |  1.7

Action                   |  1- 3 |  4- 6 |  7- 9 | 10-12 || total
-------------------------+-------+-------+-------+-------++-------
Melee: Unarmed           |    49 |     3 |    12 |       ||    64
       Flail             |       |       |       |     1 ||     1
 Cast: Magic Dart        |    80 |    81 |   204 |   112 ||   477
       Searing Ray       |     2 |    12 |    54 |    48 ||   116
       Iskenderun's Myst |       |       |    10 |    14 ||    24
Evoke: Wand              |       |     1 |     2 |     2 ||     5
  Use: Scroll            |       |     3 |     4 |       ||     7
       Potion            |       |       |     2 |       ||     2
Armor: Robe              |    12 |     3 |    17 |    12 ||    44
Dodge: Dodged            |    61 |    16 |   117 |    67 ||   261
